 Dungeon Crawl Stone Soup version 0.22.1-2-g9c5b331 (webtiles) character file.

77 roguezilla0 the Cudgeler (level 4, -1/45 HPs)
             Began as a Troll Berserker on Dec 15, 2018.
             Was a Believer of Trog.
             Slain by Purgy (4 damage)
             ... on level 3 of the Dungeon.
             The game lasted 00:07:22 (861 turns).

roguezilla0 the Cudgeler (Troll Berserker)           Turns: 861, Time: 00:07:23

Health: -1/45      AC:  5    Str: 26    XL:     4   Next: 14%
Magic:  3/3        EV: 10    Int:  3    God:    Trog [**....]
Gold:   57         SH:  0    Dex:  9    Spells: 3/3 levels left

rFire    . . .     SeeInvis .   a - +0 mace
rCold    . . .     Gourm    +   (no shield)
rNeg     . . .     Faith    .   b - +0 animal skin
rPois    .         Spirit   .   (helmet restricted)
rElec    .         Reflect  .   (no cloak)
rCorr    .         Harm     .   (gloves unavailable)
MR       .....                  (boots unavailable)
Stlth    +.........             (no amulet)
HPRegen  0.55/turn              (no ring)
MPRegen  0.08/turn              (no ring)

@: drained
A: large, unfitting armour, claws 3, fast metabolism 3, gourmand, regeneration
1, shaggy fur 1, tough skin 2
a: Berserk, Trog's Hand, Renounce Religion


You were on level 3 of the Dungeon.
You worshipped Trog.
Trog was pleased with you.
You were very hungry.

You visited 1 branch of the dungeon, and saw 3 of its levels.

You collected 57 gold pieces.

Inventory:

Hand Weapons
 a - a +0 mace (weapon)
Armour
 b - a +0 animal skin (worn)
 g - a +0 ring mail
Scrolls
 h - a scroll of remove curse {unknown}
 i - 2 scrolls of identify
Potions
 d - a potion of haste
 e - a potion of cancellation {unknown}
 f - a potion of curing {unknown}
Comestibles
 c - 4 rations


   Skills:
 + Level 3.0(2.2) Fighting
 + Level 3.4(2.7) Maces & Flails
 + Level 3.1(2.3) Dodging
 + Level 0.1(0.0) Stealth


You had 3 spell levels left.
You didn't know any spells.
Your spell library was empty.

Dungeon Overview and Level Annotations

Branches:
Dungeon (3/15)

Altars:
Zin

Annotations:
D:3 Purgy


Innate Abilities, Weirdness & Mutations

You are too large for most types of armour.
You have claws for hands.
Your metabolism is lightning-fast.
You like to eat raw meat.
Your natural rate of healing is unusually fast.
You are covered in fur. (AC +1)
You have very tough skin. (AC +2)


Message History

Purgy is moderately wounded.
Purgy misses you. Purgy barely misses you. Purgy claws you.
* * * LOW HITPOINT WARNING * * *
You hit Purgy.
Purgy is heavily wounded.
Purgy bites you!
* * * LOW HITPOINT WARNING * * *
Purgy misses you. Purgy claws you but does no damage.
Purgy clenches his teeth.
Purgy bites you.
* * * LOW HITPOINT WARNING * * *
Purgy claws you but does no damage. Purgy barely misses you.
You hit Purgy.
Purgy is heavily wounded.
Purgy closely misses you. Purgy completely misses you.
Purgy closely misses you.
You hit Purgy.
Purgy is heavily wounded.
Purgy bites you.
You die...

.#.# #.#.# ...#
#...########
.###
##.........# .#
#......##.# # .#
#......##(####.#
..
#......##......#
##
######.........#
####.)#..##
#.@#.## #(T# #
.#######).#
..........#
..#####...#
#......
###.###.# #.#
#.#


You could see Purgy.

Vanquished Creatures
  Natasha (D:3)
  2 adders (D:2)
  An orc (D:3)
  5 bats
  4 giant cockroaches
  3 goblins
  3 hobgoblins
  5 jackals
  5 kobolds
  A quokka (D:3)
  A frilled lizard (D:3)
31 creatures vanquished.

Notes
Turn   | Place    | Note
-------+----------+-------------------------------------------
     0 | D:1      | roguezilla0 the Troll Berserker began the quest for the
                  | Orb.
     0 | D:1      | Reached XP level 1. HP: 22/22 MP: 0/0
   105 | D:1      | Reached XP level 2. HP: 29/29 MP: 1/1
   322 | D:2      | Found a glowing silver altar of Zin.
   450 | D:2      | Reached XP level 3. HP: 24/36 MP: 2/2
   707 | D:3      | Noticed Natasha
   713 | D:3      | Killed Natasha
   737 | D:3      | Reached XP level 4. HP: 42/44 MP: 3/3
   779 | D:3      | Reached ** piety under Trog
   845 | D:3      | Noticed Purgy
   859 | D:3      | HP: 2/45 [Purgy (3)]
   861 | D:3      | Slain by Purgy

Skill      XL: |  1  2  3  4 |
---------------+-------------+-----
Maces & Flails | 3 |  3.4
Dodging        | 3 |  3.1
Fighting       | 3 |  3.0
Stealth        | |  0.1

Action                   |  1- 3 |  4- 6 || total
-------------------------+-------+-------++-------
Melee: Mace              |    89 |    59 ||   148
  Use: Scroll            |     4 |       ||     4
  Eat: Ration            |     1 |       ||     1
       Chunk             |       |     1 ||     1
Armor: Animal skin       |    51 |    68 ||   119
Dodge: Dodged            |    63 |    97 ||   160
